 Dungeon Crawl Stone Soup version 0.30.0-13-g156ef70053 (webtiles) character file.

Game seed: 14193565016388697954

4 dialectric the Chopper (level 1, 0/10 HPs)
             Began as a Gargoyle Wanderer on May 18, 2023.
             Slain by a jackal (2 damage)
             ... on level 1 of the Dungeon.
             The game lasted 00:00:13 (165 turns).

dialectric the Chopper (Gargoyle Wanderer)           Turns: 165, Time: 00:00:13

Health: 0/10       AC:  6    Str: 16    XL:     1   Next: 60%
Magic:  3/3        EV: 11    Int: 12    God:
Gold:   0          SH:  0    Dex:  8    Spells: 3/4 levels left

rFire   . . .        a - +2 hand axe
rCold   . . .        (no shield)
rNeg    + . .        d - +0 leather armour
rPois   ∞            b - +0 helmet
rElec   +            (no cloak)
rCorr   .            (no gloves)
SInv    .            (no boots)
Will    .....        (no amulet)
Stlth   +            (no ring)
HPRegen 0.21/turn    (no ring)
MPRegen 0.08/turn

%: no passive effects
@: no status effects
A: sickness immunity, AC +2, negative energy resistance 1, electricity
resistance, torment resistance 1, petrification resistance
a: no special abilities


You were on level 1 of the Dungeon.
You visited 1 branch of the dungeon, and saw 1 of its levels.

Inventory:

Hand Weapons
 a - a +2 hand axe (weapon)
Armour
 b - a +0 helmet (worn)
 d - a +0 leather armour (worn)
Scrolls
 e - a scroll of brand weapon {unknown}
Potions
 c - a potion of curing
 f - 2 potions of heal wounds {unknown}


   Skills:
 + Level 2.6 Axes
 + Level 1.1 Armour
 + Level 2.1 Stealth
 + Level 2.3 Spellcasting
 + Level 2.0 Ice Magic


You had 3 spell levels left.
You knew the following spells:

 Your Spells              Type           Power      Damage    Failure   Level
a - Freeze                Ice            24%        1d4       14%         1

Your spell library contained the following spells:

 Spells                   Type           Power      Damage    Failure   Level
 Frozen Ramparts          Ice            12%        1d2       38%         3


Dungeon Overview and Level Annotations

Branches:
Dungeon (1/15)

Altars:


Innate Abilities, Weirdness & Mutations

You are immune to sickness and miasma.
Your stone body is resilient. (AC +2)
You are immune to poison.
You resist negative energy. (rN+)
You are resistant to electric shocks. (rElec)
You are resistant to unholy torment.
You are immune to petrification.


Message History

An endoplasm is nearby!
Found 2 smoky pink potions.
An endoplasm is nearby!
An endoplasm is nearby!
A kobold comes into view. It is wielding a +0 whip.
A jackal and a giant cockroach come into view.
The kobold shouts!
A quokka comes into view.
The giant cockroach waves its antennae.
The endoplasm quivers.
The jackal barks!
You slash the endoplasm!
You kill the endoplasm!
A jackal comes into view.
You miss the kobold.
The jackal barks!
The kobold hits you with a +0 whip.
You closely miss the kobold. The kobold closely misses you.
You slash the giant cockroach!
You kill the giant cockroach!
You slash the kobold!
You kill the kobold!
You barely miss the jackal.
The jackal bites you but does no damage.
The jackal closely misses you. The jackal attacks as you move away!
The jackal bites you.
* * * LOW HITPOINT WARNING * * *
The quokka closely misses you. The quokka bites you.
* * * LOW HITPOINT WARNING * * *
The jackal barely misses you.
You closely miss the jackal. The jackal barely misses you. x2
You hit the jackal.
The jackal is moderately wounded.
The jackal bites you.
* * * LOW HITPOINT WARNING * * *
The jackal bites you but does no damage.
You hit the jackal.
The jackal is severely wounded.
The jackal bites you.
You die...

#.######.....#.#####.##......#
......................'......+
#.#.#####..#.#.#####.##......#
#.#.# #..#.#.#.............#
#.#.# ....#.#.#.######......#
....# ####+#.#.#.##..........#
#...# .....................#
#.#.. .....#.#.#......######
###.. .....#..@#......# #..
.... ###h#.###### #...###r#.#
♣♣♣ .#......h#.. ♣♣8♣♣♣♣
......).####
~~~~~~♣♣...!...........
♣♣♣♣♣♣~♣♣##...........#
~~~~~♣♣~♣♣#...........#
♣♣♣♣♣~♣♣~♣#...........#


You could see a quokka and 2 jackals.

Vanquished Creatures
  An endoplasm (D:1)
  A giant cockroach (D:1)
  A kobold (D:1)
3 creatures vanquished.

Notes
Turn   | Place    | Note
-------+----------+-------------------------------------------
     0 | D:1      | dialectric the Gargoyle Wanderer began the quest for the
                  | Orb.
     0 | D:1      | dialectric set off with the following items: a +2 hand axe,
                  | a +0 helmet, a potion of curing, a +0 leather armour; and
                  | the following spell memorised: Freeze; and the following
                  | spells available to memorise: Frozen Ramparts.
     0 | D:1      | Reached XP level 1. HP: 10/10 MP: 3/3
   165 | D:1      | Slain by a jackal

Illustrated notes

Levels and vault maps discovered:
D:1:      nagdon_arrival_double_spiral, layout_basic, minmay_pentomino_x2

Action                     || total
---------------------------++-------
  Melee: Hand axe          ||     7
 Armour: Leather armour    ||     2
  Dodge: Dodged            ||     6
